Map: Emerald City LE

Players

Sentenza

  • Race: Protoss Protoss
  • Spawn Location: 11:00

Nakasami

  • Race: Terran Terran
  • League: Diamond
  • Spawn Location: 11:00

qqq - Winner!

  • Race: Zerg Zerg
  • Spawn Location: 5:00

Massa - Winner!

  • Race: Terran Terran
  • League: Platinum
  • Spawn Location: 5:00

VOD

Have the link to the VOD?

Description

Time

  • Played on: March 17, 2021, 5:24 p.m.
  • Length: 16:34
Show
View Real Time Build Order
Export as new Build Order

Sentenza Protoss 

Build Orders: 1 Gate Expand 

Get SALT Encoding   

  12  0:00  Probe  
  13  0:12  Probe  
  14  0:19  Pylon  
  14  0:24  Probe  
  15  0:37  Probe  
  16  0:42  Gateway  
  16  0:49  Probe (Chrono Boost)  
  17  0:52  Assimilator  
  17  1:00  Probe (Chrono Boost)  
  18  1:10  Probe  
  19  1:27  Nexus  
  19  1:37  Pylon  
  20  1:46  Cybernetics Core  
  19  1:50  Assimilator  
  19  1:54  Probe (Chrono Boost)  
  20  2:04  Probe (Chrono Boost)  
  21  2:20  Probe  
  22  2:24  Adept (Chrono Boost)  
  22  2:26  Shield Battery  
  24  2:30  Warp Gate  
  24  2:32  Probe  
  24  2:45  Probe (Chrono Boost), Assimilator  
  24  2:46  Adept  
  28  2:51  Probe (Chrono Boost)  
  28  2:56  Probe (Chrono Boost)  
  30  3:00  Probe (Chrono Boost)  
  30  3:01  Probe (Chrono Boost)  
  31  3:10  Probe (Chrono Boost), Pylon  
  32  3:17  Probe (Chrono Boost)  
  33  3:22  Probe (Chrono Boost)  
  35  3:27  Probe (Chrono Boost)  
  35  3:28  Probe (Chrono Boost)  
  36  3:36  Probe  
  36  3:37  Probe, Stargate  
  38  3:44  Gateway  
  38  3:49  Probe (Chrono Boost)  
  38  3:50  Gateway  
  38  3:53  Probe (Chrono Boost)  
  40  4:00  Probe (Chrono Boost)  
  42  4:04  Probe (Chrono Boost)  
  42  4:05  Probe (Chrono Boost)  
  43  4:13  Stargate  
  43  4:21  Pylon  
  41  4:32  Adept  
  43  4:38  Adept  
  45  4:49  Adept  
  45  5:01  Stalker x2  
  49  5:16  Void Ray (Chrono Boost)  
  43  5:23  Stalker  
  43  5:26  Void Ray (Chrono Boost)  
  49  5:45  Adept x2  
  53  5:51  Adept  
  55  6:08  Nexus  
  55  6:11  Shield Battery  
  55  6:12  Shield Battery  
  55  6:13  Shield Battery  
  55  6:16  Shield Battery  
  55  6:19  Assimilator  
  55  6:27  Pylon  
  55  6:30  Pylon  
  55  6:32  Pylon  
  55  6:48  Probe, Phoenix (Chrono Boost), Fleet Beacon  
  55  6:51  Adept  
  55  6:52  Adept x2  
  66  6:55  Phoenix (Chrono Boost)  
  66  7:00  Probe  
  67  7:07  Phoenix (Chrono Boost)  
  69  7:12  Probe  
  70  7:19  Phoenix (Chrono Boost)  
  72  7:24  Probe  
  72  7:28  Phoenix (Chrono Boost)  
  75  7:31  Adept x3  
  81  7:40  Anion Pulse-Crystals  
  81  8:18  Tempest (Chrono Boost)  
  86  8:35  Pylon  
  86  8:36  Pylon  
  86  8:38  Pylon  
  86  8:40  Pylon  
  86  8:44  Pylon  
  86  8:47  Shield Battery  
  86  8:48  Pylon  
  86  8:51  Pylon  
  86  8:53  Tempest  
  86  8:54  Carrier  
  97  9:14  Pylon  
  91  9:44  Tempest  
  88  9:58  Tempest  
  73  10:24  Adept x3  
  73  10:26  Tempest  
  84  10:37  Unknown  
  84  10:41  Tempest  
  79  11:09  Tempest (Chrono Boost)  
  79  11:11  Stalker x3  
  90  11:24  Tempest (Chrono Boost)  
  95  11:39  Stalker x3  
  101  11:43  Void Ray (Chrono Boost)  
  96  11:51  Stargate  
  96  11:53  Stargate  
  100  11:55  Void Ray (Chrono Boost)  
  104  12:09  Stalker x3  
  110  12:16  Void Ray (Chrono Boost)  
  110  12:27  Void Ray (Chrono Boost)  
  114  12:36  Adept  
  114  12:37  Adept x2  
  109  13:11  Stalker x3  
  107  13:14  Void Ray x2 (Chrono Boost)  
  107  13:24  Void Ray (Chrono Boost)  
  119  13:36  Stalker x2  
  119  13:38  Adept  
  131  14:03  Carrier (Chrono Boost)  
  131  14:06  Stalker  
  133  14:16  Pylon  
  133  14:17  Pylon  
  133  14:19  Pylon  
  133  14:38  Carrier  
  121  15:08  Carrier  
  81  15:22  Adept x3  
  55  15:51  Probe  
  55  15:52  Probe  
  50  16:03  Probe  
  50  16:04  Probe  
  52  16:16  Probe  
Show
View Real Time Build Order
Export as new Build Order

Nakasami Terran 

Build Orders:  

Get SALT Encoding   

  12  0:00  SCV  
  13  0:12  SCV  
  14  0:17  Supply Depot  
  14  0:25  Refinery  
  15  0:28  SCV  
  15  0:40  SCV  
  16  0:46  Barracks  
  16  0:52  SCV  
  17  1:12  SCV  
  18  1:24  SCV  
  19  1:36  Marine, Supply Depot  
  20  1:41  Refinery  
  20  1:42  Orbital Command  
  20  1:54  Factory  
  20  2:10  SCV  
  21  2:22  Command Center  
  21  2:26  SCV  
  22  2:30  Marine  
  23  2:38  SCV  
  23  2:41  Factory Tech Lab  
  24  2:56  SCV  
  25  3:01  Barracks  
  25  3:03  Barracks, Siege Tank  
  28  3:08  SCV  
  29  3:16  Starport  
  29  3:20  SCV  
  30  3:32  Supply Depot  
  30  3:33  SCV  
  31  3:40  Orbital Command  
  31  3:48  SCV  
  32  3:57  Barracks Tech Lab  
  32  3:59  Starport Reactor, Supply Depot  
  32  4:01  Barracks Reactor, Barracks Tech Lab  
  32  4:12  Engineering Bay  
  32  4:15  Engineering Bay  
  32  4:17  SCV  
  32  4:21  SCV  
  34  4:25  Refinery  
  33  4:36  Marine x2  
  33  4:37  Marine  
  33  4:38  Marine  
  33  4:40  Siege Tank  
  34  4:54  Marine x2  
  34  4:55  Marine  
  34  4:56  Marine  
  35  5:12  Siege Tank  
  31  5:36  Marine x2  
  31  5:37  Marine x2  
  35  5:44  Siege Tank  
  35  5:47  SCV  
  39  5:50  Command Center  
  39  5:54  Marine  
  40  5:59  SCV  
  40  6:14  SCV  
  41  6:19  Siege Tank  
  44  6:28  SCV  
  45  6:40  SCV  
  45  6:44  Stimpack  
  45  6:45  Combat Shield  
  46  6:47  Terran Infantry Armor Level 1, Terran Infantry Weapons Level 1  
  46  6:53  SCV  
  47  6:59  Supply Depot  
  47  7:02  Medivac x2  
  47  7:04  Marine x2  
  53  7:11  Orbital Command  
  53  7:15  SCV  
  54  7:24  Supply Depot  
  54  7:27  SCV  
  55  7:35  Medivac  
  55  7:36  Medivac  
  59  7:39  Marine x4  
  63  7:45  Siege Tank  
  63  7:49  Supply Depot  
  60  8:26  Marine x2  
  60  8:27  Marine x2  
  67  8:34  Siege Tank  
  67  8:36  Medivac x2  
  71  8:52  Marine x4  
  71  8:54  Supply Depot  
  75  9:06  Siege Tank  
  78  9:10  Marine  
  78  9:16  Marine x3  
  81  9:28  Marine  
  76  9:33  Marine x3  
  79  9:46  Marine  
  79  9:51  Marine  
  32  11:25  Marine x4  
  31  11:29  Command Center  
  32  11:33  Siege Tank  
  32  11:34  Medivac x2  
  39  11:43  Marine x4  
  43  12:01  Marine x4  
  44  12:04  Medivac x2  
  44  12:05  Siege Tank  
  54  12:18  Marine  
  54  12:19  Marine x3  
  58  12:34  Medivac  
  58  12:36  Marine x2  
  58  12:37  Marine x2  
  42  12:54  Marine x2  
  37  13:30  Marine  
  37  13:31  Marine x3  
  37  13:36  Siege Tank  
  37  13:38  Medivac x2  
  44  13:48  Marine x3  
  44  13:49  Marine  
  48  14:05  Orbital Command  
  48  14:06  Marine x3  
  48  14:08  Siege Tank  
  54  14:10  Marine  
  55  14:24  Marine x2  
  55  14:27  Marine  
  55  14:28  Marine  
  59  14:33  SCV  
  59  14:34  SCV  
  61  14:40  Siege Tank  
  61  14:42  Marine  
  61  14:45  SCV  
  66  14:46  SCV  
  58  15:21  Marine x4  
  50  15:23  Siege Tank  
  50  15:39  Marine x2  
  50  15:40  Orbital Command  
  25  16:05  Marine x4  
Show
View Real Time Build Order
Export as new Build Order

qqq Zerg - Winner!

Build Orders: Hatch First 

Get SALT Encoding   

  12  0:01  Drone  
  13  0:09  Drone  
  14  0:18  Overlord  
  14  0:45  Hatchery  
  14  0:49  Drone  
  14  0:52  Drone  
  15  0:58  Drone  
  16  1:16  Drone x2  
  18  1:24  Spawning Pool  
  18  1:25  Extractor  
  16  1:35  Drone x2  
  18  1:51  Drone  
  19  1:57  Drone  
  19  1:58  Drone  
  20  2:05  Drone  
  22  2:08  Drone  
  22  2:16  Drone  
  23  2:27  Queen  
  25  2:32  Queen  
  25  2:36  Drone  
  28  2:42  Hatchery  
  27  2:45  Metabolic Boost  
  27  2:47  Drone  
  28  2:52  Overlord  
  28  2:53  Extractor  
  28  2:58  Zergling x2  
  28  3:00  Overlord  
  28  3:11  Drone, Overlord  
  28  3:12  Drone  
  30  3:14  Zergling x2  
  30  3:16  Drone  
  32  3:25  Lair  
  32  3:30  Zergling x2  
  32  3:31  Zergling x2  
  34  3:40  Drone x3  
  37  3:47  Zergling x6  
  39  3:54  Overlord  
  39  3:55  Zergling x2  
  40  4:06  Zergling x8  
  44  4:10  Zergling x4  
  44  4:24  Zergling x2  
  44  4:27  Zergling x12  
  44  4:30  Zergling x2  
  44  4:31  Zergling x2  
  51  4:40  Zergling x6  
  51  4:41  Zergling x2  
  54  4:58  Zergling x6  
  54  4:59  Zergling x2  
  57  5:02  Spire  
  53  5:15  Zergling x6  
  53  5:16  Zergling x4  
  53  5:24  Zergling x6  
  45  5:32  Zergling x2  
  45  5:37  Zergling x4  
  45  5:38  Queen  
  45  5:41  Spore Crawler  
  45  5:42  Spore Crawler  
  46  5:48  Zergling x6  
  46  6:00  Zergling x6  
  46  6:03  Drone  
  49  6:05  Drone  
  49  6:09  Drone  
  51  6:19  Drone  
  51  6:21  Drone  
  51  6:22  Drone x3  
  51  6:23  Baneling Nest  
  55  6:32  Evolution Chamber  
  55  6:36  Mutalisk  
  55  6:37  Mutalisk, Evolution Chamber  
  57  6:40  Drone  
  57  6:42  Drone  
  59  6:49  Drone x3  
  59  6:51  Drone  
  59  6:53  Drone  
  64  6:56  Mutalisk  
  66  7:02  Overlord  
  66  7:08  Overlord  
  66  7:11  Zerg Flyer Weapons Level 1  
  66  7:13  Zerg Melee Weapons Level 1  
  66  7:25  Mutalisk x3  
  66  7:27  Mutalisk  
  73  7:35  Mutalisk  
  73  7:36  Mutalisk  
  76  7:38  Zergling x6  
  68  8:01  Zergling x12  
  68  8:02  Zergling x10  
  68  8:04  Corruptor  
  68  8:05  Corruptor  
  72  8:07  Drone  
  72  8:12  Drone x2  
  77  8:13  Drone  
  76  8:22  Corruptor  
  76  8:26  Spore Crawler  
  71  8:31  Extractor  
  71  8:32  Extractor  
  69  8:40  Drone x3, Corruptor  
  69  8:41  Drone x2, Spore Crawler  
  73  8:42  Drone  
  73  8:46  Baneling  
  76  8:50  Baneling  
  76  9:00  Baneling x2  
  76  9:01  Baneling  
  76  9:12  Baneling x4  
  76  9:13  Baneling  
  70  9:34  Corruptor x2  
  68  9:43  Zergling x8  
  68  9:44  Zergling x6  
  64  10:00  Zergling x10  
  64  10:01  Zergling x8  
  71  10:09  Zergling x2  
  71  10:10  Zergling x4  
  71  10:12  Overlord x5  
  71  10:13  Overlord x4  
  70  10:23  Corruptor x2  
  70  10:24  Corruptor  
  71  10:36  Corruptor  
  71  10:37  Zergling x6  
  73  10:49  Zergling x2  
  72  10:50  Zergling x8  
  69  11:01  Zergling x6  
  67  11:05  Zergling x4  
  63  11:13  Zergling x4  
  63  11:18  Corruptor  
  62  11:27  Corruptor x2  
  62  11:28  Corruptor  
  67  11:55  Corruptor x2  
  67  11:56  Corruptor x3  
  67  11:57  Mutalisk x2  
  67  12:00  Drone x2  
  83  12:17  Corruptor x2  
  87  12:24  Mutalisk  
  87  12:28  Drone  
  87  12:29  Drone x6  
  87  12:47  Corruptor x2  
  81  13:11  Corruptor x3  
  85  13:17  Zergling x10  
  85  13:18  Zergling x16  
  98  13:24  Drone  
  99  13:27  Extractor  
  99  13:29  Extractor  
  97  13:35  Zergling x10  
  97  13:36  Mutalisk x2  
  97  13:37  Zergling x4  
  97  13:39  Baneling  
  97  13:40  Baneling x4  
  108  14:05  Hatchery, Spine Crawler  
  108  14:07  Spine Crawler  
  108  14:08  Zergling x8  
  109  14:38  Drone x4, Hatchery, Zergling x2  
  112  14:39  Mutalisk x2, Zergling x8  
  118  14:56  Mutalisk x2  
  102  15:15  Zergling x4  
  102  15:16  Zergling x12  
  108  15:24  Zergling x4  
  108  15:25  Zergling x10  
  112  15:31  Zergling x2  
  98  15:40  Zergling x6  
  91  15:47  Drone x3  
  91  15:48  Drone x2  
  87  15:52  Corruptor  
  75  16:04  Corruptor x3  
  75  16:05  Corruptor  
Show
View Real Time Build Order
Export as new Build Order

Massa Terran - Winner!

Build Orders: 2 Factory 

Get SALT Encoding   

  12  0:00  SCV  
  13  0:12  SCV  
  14  0:21  Supply Depot  
  14  0:24  SCV  
  15  0:43  SCV, Barracks  
  15  0:47  Refinery  
  16  0:55  SCV  
  17  1:07  SCV  
  18  1:19  SCV  
  19  1:31  SCV  
  20  1:47  Reaper  
  20  1:49  Orbital Command  
  20  1:52  Command Center  
  21  2:12  Supply Depot  
  21  2:19  Factory  
  21  2:25  Barracks Tech Lab  
  21  2:26  SCV  
  22  2:30  Refinery  
  22  2:49  Marine  
  23  2:53  SCV  
  24  2:58  Factory  
  24  3:05  Orbital Command, SCV  
  25  3:15  Barracks Tech Lab  
  25  3:18  Refinery  
  26  3:20  SCV  
  26  3:21  Refinery  
  26  3:26  Engineering Bay  
  26  3:28  Cyclone  
  26  3:32  SCV  
  26  3:34  SCV  
  31  3:39  Mag-Field Accelerator  
  30  3:54  SCV x2  
  32  4:08  Cyclone x2  
  38  4:10  Barracks Tech Lab  
  38  4:11  SCV x2  
  38  4:16  Missile Turret  
  40  4:23  SCV x2  
  42  4:35  SCV  
  42  4:36  SCV  
  44  5:00  Supply Depot x2  
  44  5:01  Supply Depot  
  44  5:22  Cyclone x2  
  44  5:24  Supply Depot  
  50  5:46  SCV x2  
  52  5:54  Cyclone x2  
  58  5:58  SCV x2  
  54  6:10  SCV  
  54  6:11  SCV  
  56  6:18  Stimpack  
  56  6:22  SCV  
  56  6:23  SCV  
  56  6:25  Barracks  
  58  6:26  Cyclone x2  
  64  6:34  SCV  
  64  6:35  SCV  
  64  6:36  Command Center  
  66  6:46  SCV  
  67  6:47  SCV  
  67  6:52  Barracks x2  
  68  6:57  Marauder  
  68  6:58  SCV  
  68  6:59  SCV  
  72  7:11  SCV x2  
  74  7:36  SCV x2  
  76  7:45  Barracks Tech Lab x2  
  76  7:46  Barracks Reactor  
  76  7:48  SCV x2  
  76  7:49  Siege Tank  
  76  7:50  Siege Tank  
  84  7:56  Starport  
  84  7:57  Combat Shield  
  84  7:58  Starport  
  84  8:00  SCV  
  70  8:13  Planetary Fortress  
  70  8:17  SCV x2  
  70  8:19  Marauder x2, Missile Turret  
  72  8:20  Marauder  
  72  8:21  Missile Turret, Siege Tank  
  72  8:22  Siege Tank  
  72  8:25  Marine  
  72  8:26  Marine  
  80  8:29  SCV x2, Barracks, Missile Turret  
  80  8:33  Barracks, Missile Turret x2  
  82  8:37  Missile Turret x2  
  82  8:40  Marine x3  
  82  8:41  SCV, Missile Turret  
  86  8:45  Terran Infantry Weapons Level 1  
  86  8:50  Armory  
  86  8:51  Starport Tech Lab, Starport Reactor, Engineering Bay  
  86  8:54  Marine x2, Siege Tank  
  91  8:56  Missile Turret  
  91  8:58  Marine x2  
  91  9:02  Missile Turret  
  93  9:36  Terran Infantry Armor Level 1  
  93  9:37  Supply Depot  
  93  9:38  Terran Vehicle And Ship Armor Level 1, Supply Depot  
  93  9:39  Supply Depot  
  93  9:41  Barracks Reactor x2, Supply Depot x2  
  93  9:42  Supply Depot  
  93  9:58  Marine x2, Medivac x2, Siege Tank  
  93  9:59  Marine x2  
  85  10:00  Medivac, Siege Tank  
  85  10:06  Marine  
  81  10:16  Marine x2  
  81  10:17  Marauder x2  
  82  10:23  Marine  
  83  10:28  Medivac  
  83  10:30  Medivac  
  86  10:38  Orbital Command, Marauder  
  86  10:40  Medivac  
  84  10:58  Medivac  
  84  11:00  Raven  
  85  11:07  Marauder x2  
  89  11:28  Marauder x2  
  93  11:35  Command Center  
  93  11:41  Marine  
  93  11:42  Marine x6  
  100  11:49  Marine x2  
  100  11:53  Refinery x2  
  102  12:00  Terran Infantry Armor Level 2, Terran Infantry Weapons Level 2  
  102  12:18  Marauder x2  
  102  12:19  Barracks Tech Lab, Marine x3  
  102  12:20  Marine x3  
  112  12:40  Marauder  
  76  13:09  Marauder x2  
  76  13:10  Marauder, Marine x4  
  78  13:23  Orbital Command  
  78  13:25  SCV x2  
  75  13:29  Thor x2  
  75  13:30  Marine  
  75  13:31  Marauder x3, Marine x5  
  90  13:37  SCV x2  
  90  13:40  Missile Turret  
  91  13:46  Medivac x2  
  91  13:48  Marine x5  
  95  13:49  SCV x2, Marine  
  95  13:51  SCV, Marine  
  105  14:01  SCV  
  105  14:02  SCV, Missile Turret  
  107  14:14  Sensor Tower  
  107  14:16  SCV, Command Center  
  107  14:17  SCV x2, Missile Turret  
  110  14:20  Marine x3  
  113  14:37  Refinery  
  113  14:40  Refinery  
  113  15:04  Marauder x3, Marine  
  113  15:05  Marine x5  
  113  15:06  Thor x2  
  99  15:22  Marine x3  
  99  15:25  Marauder x2  
  99  15:26  Marauder  
  96  15:29  Marine x3  
  96  15:35  Planetary Fortress  
  99  15:37  SCV x2  
  99  15:38  SCV  
  99  15:40  Marine x3  
  105  15:47  Marauder x3, Marine  
  105  15:49  Siege Tank x2  
  118  15:56  Medivac  
  118  15:57  Medivac x2  
  124  16:07  Marine x2  
  124  16:08  Marauder x2, Marine x4  
Tags
 
Add a new tag
Caveats
  • Supply blocks, unpowered buildings, or Contaminate may cause inaccurate times.
  • Supply counts are checked every 10 seconds.